 Dungeon Crawl Stone Soup version 0.30-a0-743-gbfdf073431 (webtiles) character file.

Game seed: 2162365317565459756

99150 retardedninja the Executioner (level 16, -1/149 HPs)
             Began as a Hill Orc Fighter on Feb 3, 2023.
             Was an Initiate of Gozag.
             Succumbed to naga warrior's concentrated venom
             ... on level 2 of the Lair of Beasts on Feb 6, 2023.
             The game lasted 00:33:08 (26589 turns).

retardedninja the Executioner (Hill Orc Fighter)   Turns: 26589, Time: 00:33:09

Health: -1/149     AC: 32    Str: 27    XL:     16   Next: 24%
Magic:  16/16      EV:  7    Int: 12    God:    Gozag
Gold:   5956       SH: 30    Dex: 10    Spells: 15/15 levels left

rFire   . . .      SeeInvis .    f - +4 broad axe (heavy)
rCold   x . .      Faith    .    l - +18 shield of the Gong {Loud rElec rN+ Will+ EV-5}
rNeg    + + .      Spirit   .    x - +3 plate armour {rN+}
rPois   .          Reflect  .    z - +0 helmet
rElec   +          Harm     .    y - +1 cloak of the Thistle {rC- rCorr Int+4}
rCorr   +          Rampage  .    g - +1 pair of gloves
Will    ++...                    A - +0 pair of boots Stlth
                                 (no amulet)
HPRegen 0.44/turn                H - +4 ring of protection
MPRegen 0.15/turn                p - +5 ring of evasion

@: lethally poisoned (-1 -> -13), slowed, very slow
A: no striking features
a: Renounce Religion, Potion Petition, Call Merchant, Bribe Branch


You were on level 2 of the Lair of Beasts.
You worshipped Gozag.
Gozag was greatly pleased with you.
You visited 5 branches of the dungeon, and saw 21 of its levels.

You collected 8170 gold pieces.
You spent 745 gold pieces at shops.
You paid 1469 gold pieces to Gozag.

Inventory:

Hand Weapons
 f - a +4 heavy broad axe (weapon)
Missiles
 t - 2 throwing nets (quivered)
Armour
 g - a +1 pair of gloves (worn)
 l - the +18 shield of the Gong (worn) {Loud rElec rN+ Will+ EV-5}
   (You acquired it on level 9 of the Dungeon)

   Loud:      It is deafeningly noisy when blocking attacks.
   EV:        It affects your evasion (-5).
   rElec:     It insulates you from electricity.
   rN:        It protects you from negative energy.
   Will:      It increases your willpower.
 x - a +3 plate armour of positive energy (worn)
 y - the +1 cloak of the Thistle (worn) {rC- rCorr Int+4}
   (You bought it in a shop on level 5 of the Dungeon)

   Int:       It affects your intelligence (+4).
   rC:        It makes you vulnerable to cold.
   rCorr:     It protects you from acid and corrosion.
 z - a +0 helmet (worn)
 A - a +0 pair of boots (worn)
Jewellery
 p - a +5 ring of evasion (right hand)
 H - a +4 ring of protection (left hand)
 I - a ring of fire
 N - a ring of flight
Wands
 b - a wand of charming (14)
 j - a wand of mindburst (8)
 G - a wand of roots (8)
 M - a wand of polymorph (5)
Scrolls
 d - a scroll of silence {unknown}
 e - 4 scrolls of magic mapping
 h - 4 scrolls of vulnerability
 i - 2 scrolls of fear {unknown}
 m - a scroll of amnesia
 o - a scroll of enchant armour
 u - a scroll of immolation
 C - a scroll of teleportation
 D - a scroll of poison {unknown}
Potions
 a - a potion of attraction {unknown}
 c - 3 potions of degeneration
 k - 4 potions of magic
 n - 4 potions of mutation
 q - 3 potions of cancellation
 s - a potion of haste
 v - 3 potions of resistance
 w - 5 potions of curing
 F - a potion of berserk rage
Miscellaneous
 r - a lightning rod (4/4)


   Skills:
 + Level 15.5 Fighting
 * Level 21.4 Axes
 + Level 14.2 Armour
 + Level 14.3 Shields


You had 15 spell levels left.
You didn't know any spells.
Your spell library contained the following spells:

 Spells                   Type           Power      Damage    Failure   Level
 Cigotuvi's Dreadful Rot  Necr/Pois/Air  0%         N/A       99%         2
 Wereblood                Tmut           0%         N/A       99%         2
 Spider Form              Tmut/Pois      0%         N/A       100%        3
 Dispel Undead            Necr           0%         3d6       100%        4
 Alistair's Intoxication  Tmut/Pois      0%         N/A       100%        5
 Borgnjor's Vile Clutch   Necr/Erth      0%         N/A       100%        5
 Irradiate                Conj/Tmut      0%         3d11      100%        5
 Yara's Violent Unravell  Hex/Tmut       0%         3d3       100%        5
 Death Channel            Necr           0%         N/A       100%        6
 Eringya's Noxious Bog    Tmut/Pois      0%         N/A       100%        6


Dungeon Overview and Level Annotations

Branches:
Dungeon (12/15)            Temple (1/1) D:4            Lair (5/5) D:10
 Shoals (0/4) Lair:3        Snake (1/4) Lair:2        Slime (0/5) Lair:5
    Orc (2/2) D:9             Elf (0/3) Orc:2

Altars:
Ashenzari
Cheibriados
Dithmenos
Elyvilon
Fedhas
Gozag
Hepliaklqana
Kikubaaqudgha
Makhleb
Nemelex Xobeh
Okawaru
Qazlal
Ru
Sif Muna
Trog
Uskayaw
Vehumet
Wu Jian
Xom
Yredelemnul
Zin
The Shining One
Beogh

Shops:
D:5 [   Orc:2 **!(

Annotations:
D:8 3 runed translucent doors, baller8008's ghost, novice TrBe
D:12 Nergalle


Message History

The naga mage is distracted by your dazzling golden aura.
The naga warrior roars a battlecry!
The naga magi go into a battle-frenzy!
The naga warrior spits poison at you. The splash of poison hits you.
You are more poisoned.
The naga warrior hits you with a +0 flail!!
* * * LOW HITPOINT WARNING * * *
The naga warrior grabs you. The naga warrior constricts you.
You feel better.
The naga warrior no longer looks unusually toxic.
The naga mage casts a spell at you.
The bolt of poison hits the naga mage.
The bolt of poison hits you but does no damage.
You are poisoned.
The naga mage casts a spell.
The naga mage seems to speed up.
The naga warrior hits you with a +0 flail!!
* * * LOW HITPOINT WARNING * * *
The naga warrior constricts you.
The naga mage gestures at the naga warrior while chanting.
The naga warrior seems to grow toxic.
Okay, then.
Blink to where?
Press: ? - help, Q - select action, (/) - cycle Dir - move target You escape the naga warrior's grasp.
As you read the scroll of blinking, it crumbles to dust.
You feel very sick. The naga warrior spits poison at you.
The splash of poison hits you but does no damage.
You are more poisoned.
You have difficulty breathing.
* * * LOW HITPOINT WARNING * * *
You feel as though you will be slow longer.
* * * LOW HITPOINT WARNING * * *
You feel very sick.
The naga mage is no longer distracted by gold.
You climb upwards.
Welcome back to the Lair of Beasts!
You die...
Your body crumbles into a pile of gold.

≈~.........## ####..######## ##
≈~.....#....## #.#..# #
~~......##...####...# #
~.......###...#.P..## # ........#
##..##...# ##* #######
....<...####.####..###.####.##.#.
...........P..###...###P.........
............................#.###
.........#....P.@....#...#..###
........####...)....#########
.......## ##......#.# .......#
#.....#..### #......###
##..###....# .#.....#.# #...#
#P..## ##### ####....####...#
##.(.# #P#.# .# #....# #.#..#
#...## #...## .####.### ##...#
#....# ###....#


There were no monsters in sight!

Vanquished Creatures
  Gastronok (Lair:1)
  Josephine (Lair:3)
  Fannar (D:12)
  4 hydras
  A catoblepas (Lair:5)
  An ice dragon (Lair:2)
  3 naga warriors
  4 boulder beetles
  A two-headed ogre (D:11)
  6 death yaks
  5 orc high priests (Orc:2)
  A shock serpent (Snake:1)
  Amaemon (D:11)
  2 lindwurms
  Pikel (D:8)
  6 orc knights
  A manticore (D:9)
  A guardian serpent (Snake:1)
  8 elephants (Lair:5)
  13 black mambas
  A torpor snail (Lair:3)
  12 cane toads
  An orange demon (D:11)
  An unseen horror (D:11)
  11 komodo dragons
  7 rime drakes
  14 polar bears
  7 trolls
  2 raiju (Lair:5)
  7 blink frogs
  2 hornets
  3 slime creatures (D:12)
  A dream sheep (Lair:5)
  A shadow (D:11)
  9 wyverns
  2 vampires
  5 wraiths
  8 basilisks
  53 yaks
  A steam dragon (D:10)
  11 wargs
  5 nagas (Snake:1)
  A two-headed ogre zombie (D:9)
  24 water moccasins
  15 hell hounds (Lair:5)
  An ice beast (D:8)
  A sky beast (D:8)
  32 orc warriors
  12 black bears
  8 ogres
  22 wolves
  2 centaurs (D:10)
  4 phantoms
  A lemure (D:8)
  3 kobold brigands
  12 bullfrogs
  A necrophage (D:4)
  2 scorpions
  A gnoll sergeant (D:8)
  7 wights
  A troll zombie (D:9)
  A hornet simulacrum (D:8)
  23 killer bees
  5 electric eels
  5 howler monkeys
  A crimson imp (D:3)
  2 gnoll boudas
  2 hounds (D:6)
  21 orc priests
  Natasha (D:3)
  2 iguanas
  10 orc wizards
  12 hell rats
  6 ogre zombies (D:9)
  Robin (D:3)
  26 gnolls
  4 adders
  14 white imps
  An ufetubus (D:8)
  A worm (D:3)
  3 dart slugs
  52 orcs
  5 ball pythons
  5 bats
  7 endoplasms
  2 giant cockroaches
  11 goblins
  8 hobgoblins
  6 jackals
  16 kobolds
  5 quokkas
  3 frilled lizards (D:1)
  A goblin skeleton (D:9)
  2 goblin zombies (D:9)
  3 hobgoblin zombies (D:3)
  A kobold skeleton (D:3)
  A kobold zombie (D:3)
  3 orc skeletons
  22 orc zombies
  6 rats
676 creatures vanquished.

Vanquished Creatures (others)
  2 bushes (Lair:5)
  22 fungi
  76 plants
100 creatures vanquished.

Grand Total: 776 creatures vanquished

Notes
Turn   | Place    | Note
-------+----------+-------------------------------------------
     0 | D:1      | retardedninja the Hill Orc Fighter began the quest for the
                  | Orb.
     0 | D:1      | Reached XP level 1. HP: 19/19 MP: 1/1
    83 | D:1      | Reached XP level 2. HP: 27/27 MP: 2/2
   116 | D:1      | Reached skill level 3 in Axes
   444 | D:1      | Upgraded the game from 0.30-a0-738-g116ff8c4af to
                  | 0.30-a0-743-gbfdf073431
   645 | D:2      | You fall into a shaft and drop 2 floors!
   698 | D:4      | Noticed an ogre
   702 | D:4      | Noticed a necrophage
   707 | D:4      | Killed an ogre
   708 | D:4      | Reached skill level 4 in Axes
   708 | D:4      | Reached XP level 3. HP: 18/34 MP: 3/3
   708 | D:4      | Reached XP level 4. HP: 21/41 MP: 4/4
   712 | D:4      | Killed a necrophage
   713 | D:4      | Reached XP level 5. HP: 14/47 MP: 5/5
  1033 | D:4      | Found a staircase to the Ecumenical Temple.
  1055 | D:4      | Got Sif Muna's Catalogue of Alteration
  1077 | Temple   | Entered the Ecumenical Temple
  1230 | Temple   | Became a worshipper of Gozag Ym Sagoz the Greedy
  2037 | D:4      | Reached XP level 6. HP: 54/55 MP: 6/6
  2059 | D:4      | Reached skill level 5 in Fighting
  2121 | D:3      | Noticed Natasha
  2127 | D:3      | Killed Natasha
  2978 | D:3      | Noticed Robin
  2988 | D:3      | Killed Robin
  3010 | D:3      | Reached skill level 5 in Axes
  3088 | D:3      | Identified the +6 scale mail of Refuge {-Cast *Slow Will+++
                  | Str+2}
  3660 | D:3      | Found a glowing golden altar of the Shining One.
  3691 | D:3      | Reached skill level 5 in Armour
  3691 | D:3      | Reached skill level 5 in Shields
  4728 | D:5      | Entered Level 5 of the Dungeon
  4735 | D:5      | Identified the +5 sling "Peivyshoc" {drain, +Blink Dex+3}
  4748 | D:5      | Reached XP level 7. HP: 57/61 MP: 7/7
  5339 | D:5      | Found a radiant altar of Vehumet.
  5490 | D:5      | Found Obavimoi's Antique Armour Boutique.
  5504 | D:5      | Reached skill level 6 in Axes
  6032 | D:5      | Bought a shiny buckler for 225 gold pieces
  6032 | D:5      | Bought a warped cloak for 285 gold pieces
  6032 | D:5      | Identified the +1 cloak of the Thistle {rC- rCorr Int+4}
                  | (You bought it in a shop on level 5 of the Dungeon)
  6149 | D:6      | Reached XP level 8. HP: 49/71 MP: 8/8
  6893 | D:7      | Noticed a yak
  6893 | D:7      | Noticed a yak
  6983 | D:6      | Killed a yak
  6984 | D:6      | Reached skill level 7 in Axes
  7265 | D:7      | Noticed a yak
  7280 | D:7      | Killed a yak
  7291 | D:7      | Killed a yak
  7604 | D:7      | Reached XP level 9. HP: 79/79 MP: 9/9
  7688 | D:7      | Identified the ring of Noon {+Blink rPois rF+ AC+4 Str-5}
  7698 | D:7      | Reached skill level 8 in Axes
  7862 | D:7      | Identified the +9 whip of the Messenger {holy, rC+ Will-
                  | MP+9 Dex+4}
  7929 | D:7      | Found a stormy altar of Qazlal.
  8209 | D:8      | Noticed a hornet
  8223 | D:8      | Killed a hornet
  8223 | D:8      | Noticed Pikel
  8224 | D:8      | Reached skill level 9 in Axes
  8242 | D:8      | Killed Pikel
  8243 | D:8      | Reached XP level 10. HP: 60/91 MP: 10/10
  9053 | D:8      | Found a runed translucent gate.
  9053 | D:8      | Found a runed translucent gate.
  9053 | D:8      | Found a runed translucent gate.
  9053 | D:8      | Noticed baller8008's ghost (novice TrBe)
  9256 | D:8      | Reached skill level 10 in Axes
 10726 | D:9      | Reached skill level 10 in Fighting
 11257 | D:9      | Found a staircase to the Orcish Mines.
 11279 | D:9      | Noticed a manticore
 11286 | D:9      | Killed a manticore
 11519 | D:9      | Reached skill level 11 in Axes
 11519 | D:9      | Reached XP level 11. HP: 97/101 MP: 11/11
 11767 | D:9      | Reached skill level 10 in Shields
 12160 | D:9      | Identified 3 scrolls of acquirement
 12160 | D:9      | Acquired 610 gold pieces
 12162 | D:9      | Acquired a +3 heavy broad axe
 12164 | D:9      | Acquired the +18 shield of the Gong {Loud rElec rN+ Will+
                  | EV-5}
 12164 | D:9      | Found the +18 shield of the Gong {Loud rElec rN+ Will+
                  | EV-5}
 12192 | D:10     | Entered Level 10 of the Dungeon
 12282 | D:10     | Reached skill level 10 in Armour
 12307 | D:10     | Reached skill level 12 in Axes
 13071 | D:10     | Found an iron altar of Okawaru.
 13219 | D:10     | Found a staircase to the Lair.
 13296 | D:11     | Noticed a boulder beetle
 13306 | D:11     | Noticed a two-headed ogre
 13315 | D:11     | Killed a two-headed ogre
 13316 | D:11     | Reached skill level 13 in Axes
 13363 | D:11     | Killed a boulder beetle
 13364 | D:11     | Reached XP level 12. HP: 110/111 MP: 12/12
 13374 | D:11     | Noticed Amaemon
 13390 | D:11     | Killed Amaemon
 13450 | D:11     | Found an iron altar of Okawaru.
 13927 | D:12     | Noticed Fannar
 13948 | D:12     | Noticed a two-headed ogre
 13949 | D:12     | Killed Fannar
 13950 | D:12     | Noticed Nergalle
 14284 | Lair:1   | Entered Level 1 of the Lair of Beasts
 14301 | Lair:1   | Reached skill level 14 in Axes
 14321 | Lair:1   | Noticed Gastronok
 14581 | Lair:1   | Killed Gastronok
 14582 | Lair:1   | Reached skill level 15 in Axes
 15619 | Lair:1   | You fall into a shaft and drop 1 floor!
 15657 | Lair:2   | Found a staircase to the Snake Pit.
 15670 | Lair:2   | Reached XP level 13. HP: 119/119 MP: 13/13
 16103 | Lair:2   | Found a frozen archway.
 16114 | Lair:2   | Reached skill level 16 in Axes
 16492 | Lair:2   | Noticed an ice dragon
 16508 | Lair:2   | Killed an ice dragon
 17343 | Lair:3   | Noticed Josephine
 17353 | Lair:3   | Killed Josephine
 17544 | Lair:3   | Found a staircase to the Shoals.
 17927 | Lair:3   | Identified the +5 war axe of Muojink {elec, rC+}
 19249 | Lair:3   | Reached skill level 17 in Axes
 20449 | Lair:3   | Reached XP level 14. HP: 128/132 MP: 14/14
 21201 | Lair:4   | Reached skill level 18 in Axes
 21547 | Lair:4   | Reached skill level 19 in Axes
 21547 | Lair:4   | Reached XP level 15. HP: 138/138 MP: 15/15
 21586 | Lair:5   | Entered Level 5 of the Lair of Beasts
 21586 | Lair:5   | Found a staircase to the Slime Pits.
 21673 | Lair:5   | Reached skill level 20 in Axes
 22170 | Lair:5   | Identified the +7 trident "Plog" {elec, rF- Dex+6}
 23000 | Lair:5   | Reached skill level 15 in Fighting
 23827 | Orc:1    | Entered Level 1 of the Orcish Mines
 24249 | Orc:2    | Entered Level 2 of the Orcish Mines
 24982 | Orc:2    | Found a staircase to the Elven Halls.
 25001 | Orc:2    | Reached skill level 21 in Axes
 25017 | Orc:2    | Reached XP level 16. HP: 133/149 MP: 16/16
 25389 | Orc:2    | Found a roughly hewn altar of Beogh.
 25509 | Orc:2    | Found Rarcheaca's Weapon Shoppe.
 25510 | Orc:2    | Found Wucrojol's Distillery.
 25549 | Orc:2    | Found Neny's General Store.
 25552 | Orc:2    | Found Zuntel's General Store.
 25890 | Orc:2    | Bought a +1 pair of gloves for 115 gold pieces
 25897 | Orc:2    | Bought a scroll of enchant armour for 120 gold pieces
 26400 | Snake:1  | Entered Level 1 of the Snake Pit
 26588 | Snake:1  | HP: 5/149 [poisoned by naga warrior (concentrated venom)]
 26589 | Lair:2   | Succumbed to naga warrior's concentrated venom

Illustrated notes

Levels and vault maps discovered:
D:1:      spicycebolla_arrival_clurvy, layout_basic
D:2:      layout_basic
D:3:      layout_loops_corners, nicolae_tso_besieged_by_evil, minmay_pentangle,
          uniq_natasha, uniq_robin
D:4:      layout_layer_cave, minmay_temple_entry_trees
D:5:      layout_basic, nicolae_vehumet_radiance, serial_shops,
          nicolae_inconvenience_store
D:6:      layout_rooms, chequers_serial_rivers_micro_e,
          kennysheep_generic_room_13
D:7:      layout_basic, mainiacjoe_overflow_surrounded_room
D:8:      layout_basic, gammafunk_ghost_necromancy, serial_ice, serial_ice_o,
          serial_ice_i, serial_ice_c, serial_ice_m, serial_ice_a, serial_ice_d,
          hex_tiny, minivault_21, uniq_pikel
D:9:      layout_loops_ring, zombieorc2_lemuel
D:10:     layout_loops_ring, mainiacjoe_overflow_tiny_flanked,
          david_lair_shrubbed, minmay_fractal_squares_5
D:11:     layout_long_grid, kennysheep_okawaru_gauntlet, uniq_amaemon
D:12:     layout_layer_cave, uniq_nergalle, uniq_fannar
Temple:   regret_index_temple_chain_breaker
Lair:1:   layout_gridlike, serial_bayou_shore_a, grunt_megastairs_3,
          uniq_gastronok
Lair:2:   dragon1_lemuel, layout_cave_pods, minmay_snake_entry_six_corridors,
          portal_ice_cave_entry_imps, grunt_megastairs_5,
          infiniplex_staircase_pool_2
Lair:3:   layout_cave_pods, elwin_shoals_entry_rocks, uniq_josephine
Lair:4:   layout_roguey [special_room_mythical_zoo], nzn_random_ring
Lair:5:   hangedman_lair_caniforms_friends, layout_regular_city, slime_entry_1,
          serial_bayou_pond_a, grunt_megastairs_2
Snake:1:  layout_onion, uniq_frances
Orc:1:    layout_diamond_mine, nicolae_orc_bridge_out
Orc:2:    st_orc_pillars, layout_diamond_mine, basic_altar, nooodl_orcs_dogs

Skill      XL: |  1  2  3  4  5  6  7  8  9 10 11 12 13 14 15 |
---------------+----------------------------------------------+-----
Axes           | 4 5 6 7 9 11 13 15 17 19 21 | 21.4
Fighting       | 4 5 6 7 9 10 11 12 14 15 | 15.5
Armour         | 4 5 6 8 9 10 11 12 13 14 | 14.2
Shields        | 4 5 6 8 9 10 11 12 13 14 | 14.3

Action                     |  1- 3 |  4- 6 |  7- 9 | 10-12 | 13-15 | 16-18 || total
---------------------------+-------+-------+-------+-------+-------+-------++-------
  Melee: War axe           |    48 |   211 |   228 |   318 |       |       ||   805
         Broad axe         |       |       |       |   217 |   629 |    86 ||   932
 Invoke: Potion Petition   |       |       |       |       |     3 |       ||     3
  Evoke: Wand              |       |       |       |     4 |     1 |     1 ||     6
         Lightning rod     |       |       |       |       |     1 |       ||     1
    Use: Scroll            |     3 |     2 |    11 |     8 |    13 |     4 ||    41
         Potion            |     1 |     3 |     3 |     1 |     5 |     4 ||    17
   Stab: Distracted        |       |     1 |     3 |     9 |     4 |       ||    17
         Petrified         |       |       |       |       |     1 |       ||     1
         Invisible         |       |       |       |       |       |     3 ||     3
 Armour: Scale mail        |    20 |       |       |       |       |       ||    20
         Chain mail        |       |    54 |       |       |       |       ||    54
         Skin              |       |    29 |       |       |       |       ||    29
         Plate armour      |       |    58 |    94 |   222 |   364 |    33 ||   771
  Dodge: Dodged            |    20 |    82 |    85 |   208 |   134 |    10 ||   539
  Block: Buckler           |     9 |    54 |    81 |   144 |       |       ||   288
         Kite shield       |       |       |       |   353 |   968 |   151 ||  1472

Table legend: (Time is in decaauts)
 A = Elapsed time spent in this place.
 B = Non-inter-level travel time spent in this place.
 C = Inter-level travel time spent in this place.
 D = Time resting spent in this place.
 E = Time spent auto-exploring this place.
 F = Levels seen in this place.
 G = Mean time per level.
                   A        B        C        D        E       F      G
               +--------+--------+--------+--------+--------+-----+--------+
         Total |  27012 |  25771 |   1241 |   7500 |  13644 |  21 | 1286.3 |
       Dungeon |  15196 |  14498 |    698 |   4071 |   7818 |  12 | 1266.3 |
        Temple |    162 |    141 |     21 |      0 |    123 |   1 |  162.0 |
          Lair |   9111 |   8692 |    419 |   2798 |   4508 |   5 | 1822.2 |
     Snake Pit |     54 |     54 |      0 |      0 |      0 |   1 |   54.0 |
  Orcish Mines |   2487 |   2385 |    102 |    631 |   1194 |   2 | 1243.5 |
               +--------+--------+--------+--------+--------+-----+--------+

Top non-repeatable levels by time:
  Lair:3: 3204 daAuts
     D:8: 2486 daAuts
  Lair:5: 2090 daAuts
     D:4: 2015 daAuts
    D:10: 1971 daAuts
   Orc:2: 1890 daAuts
  Lair:2: 1709 daAuts
     D:7: 1470 daAuts
     D:5: 1436 daAuts
     D:3: 1356 daAuts
     D:9: 1169 daAuts
  Lair:4: 1160 daAuts
    D:11: 971 daAuts
  Lair:1: 945 daAuts
     D:6: 929 daAuts
